 Dungeon Crawl Stone Soup version 0.29.1-2-gbd0b4ee654 (webtiles) character file.

Game seed: 14066489987510586036

48909 croobank the Spry (level 14, 0/73 HPs)
             Began as a Felid Fighter on Nov 26, 2022.
             Was an Elder of Wu Jian.
             Blown up by an orb spider (73 damage)
             ... with an orb of destruction
             ... on level 1 of the Spider Nest.
             The game lasted 02:31:00 (24923 turns).

croobank the Spry (Felid Fighter)                  Turns: 24923, Time: 02:31:01

Health: 0/73       AC:  3    Str: 16    XL:     14   Next: 14%
Magic:  4/26       EV: 40    Int:  9    God:    Wu Jian [****..]
Gold:   1361       SH:  0    Dex: 17    Spells: 12/27 levels left
                                        Lives:  0   Deaths: 2

rFire   . . .      SeeInvis +     - Unarmed
rCold   + . .      Faith    .   (shield unavailable)
rNeg    . . .      Spirit   .   (body armour unavailable)
rPois   +          Reflect  .   (helmet unavailable)
rElec   .          Harm     .   (cloak unavailable)
rCorr   .          Rampage  .   (gloves unavailable)
Will    ++...                   (boots unavailable)
Stlth   ++........              l - amulet of regeneration
HPRegen 1.02/turn               a - ring of poison resistance
MPRegen 0.20/turn               o - ring of the Hare {EV+8}

@: quick
A: very small, claws 1, fangs 3, see invisible, speed 1, shaggy fur 3, stealthy
paws, no weapons or thrown items, no armour, multi-lived
a: Renounce Religion, Wall Jump, Serpent's Lash


You were on level 1 of the Spider Nest.
You worshipped Wu Jian.
Wu Jian was greatly pleased with you.
You visited 5 branches of the dungeon, and saw 24 of its levels.

You collected 2172 gold pieces.
You spent 811 gold pieces at shops.

Inventory:

Jewellery
 a - a ring of poison resistance (left paw)
 g - an amulet of magic regeneration
 l - an amulet of regeneration (around neck)
 o - the ring of the Hare (right paw) {EV+8}
   (You found it on level 5 of the Lair of Beasts)

   [ring of evasion]

   EV:        It affects your evasion (+8).
 r - a ring of protection from fire
 t - a ring of ice
 u - a ring of resist corrosion
 x - a +4 ring of evasion
 y - a ring of ice
 A - a +4 ring of evasion
 F - a +4 ring of slaying
 O - a +4 ring of evasion
Wands
 h - a wand of digging (12)
 D - a wand of polymorph (6)
 E - a wand of acid (2)
 H - a wand of paralysis (3)
 M - a wand of flame (10)
Scrolls
 d - 3 scrolls of immolation
 k - 4 scrolls of fog
 q - 9 scrolls of identify
 s - 8 scrolls of amnesia
 B - 2 scrolls of vulnerability
 C - a scroll of blinking
 I - 3 scrolls of silence
 J - 5 scrolls of teleportation
 K - a scroll of poison
 L - a scroll of magic mapping
Potions
 b - 17 potions of curing
 c - 3 potions of magic
 e - 2 potions of cancellation
 f - 3 potions of flight
 i - a potion of ambrosia
 j - a potion of haste
 m - 6 potions of lignification
 n - 4 potions of attraction
 v - 3 potions of brilliance
 z - 4 potions of mutation
 N - a potion of might
Miscellaneous
 w - a box of beasts (inert)
 G - a tin of tremorstones (2/2)


   Skills:
 + Level 15.4 Fighting
 + Level 19.6 Dodging
 + Level 15.6 Unarmed Combat
 + Level 7.3 Spellcasting
 + Level 4.5 Conjurations
 - Level 11.0 Translocations


You had 12 spell levels left.
You knew the following spells:

 Your Spells              Type           Power      Damage    Failure   Level
a - Blink                 Tloc           46%        N/A       1%          2
b - Passage of Golubria   Tloc           23%        N/A       1%          4
c - Manifold Assault      Tloc           23%        N/A       6%          5
d - Iskenderun's Mystic   Conj/Tloc      17%        2d5       8%          4

Your spell library contained the following spells:

 Spells                   Type           Power      Damage    Failure   Level
 Lesser Beckoning         Tloc           23%        N/A       1%          3
 Static Discharge         Conj/Air       7%         3-4/arc   12%         2
 Dazzling Flash           Conj/Hex       14%        N/A       22%         3
 Ensorcelled Hibernation  Hex/Ice        6%         N/A       28%         2
 Passwall                 Tmut/Erth      2%         N/A       28%         2
 Poisonous Vapours        Pois/Air       6%         N/A       28%         2
 Confusing Touch          Hex            3%         N/A       50%         3
 Ozocubu's Armour         Ice            3%         N/A       50%         3
 Swiftness                Air            3%         N/A       50%         3
 Tukima's Dance           Hex            3%         N/A       50%         3
 Hailstorm                Conj/Ice       7%         3d4       58%         4
 Corpse Rot               Necr/Pois/Air  3%         N/A       88%         4
 Ice Form                 Ice/Tmut       3%         N/A       88%         4
 Lightning Bolt           Conj/Air       3%         1d15      91%         5
 Agony                    Necr           3%         N/A       99%         5
 Silence                  Hex/Air        1%         N/A       99%         5
 Yara's Violent Unravell  Hex/Tmut       1%         3d3       99%         5
 Simulacrum               Ice/Necr       1%         N/A       100%        6
 Starburst                Conj/Fire      3%         6d3       100%        6
 Enfeeble                 Hex            1%         N/A       100%        7
 Ozocubu's Refrigeration  Ice            1%         4d7       100%        7
 Maxwell's Capacitive Co  Air            1%         ∞         100%        8


Dungeon Overview and Level Annotations

Branches:
Dungeon (15/15)            Temple (1/1) D:5            Lair (5/5) D:9
  Swamp (0/4) Lair:2       Spider (1/4) Lair:2        Slime (0/5) Lair:5
    Orc (2/2) D:12            Elf (0/3) Orc:2        Vaults (0/5) D:13
 Depths (0/4) D:15

Altars:
Ashenzari
Cheibriados
Dithmenos
Elyvilon
Fedhas
Gozag
Hepliaklqana
Kikubaaqudgha
Makhleb
Nemelex Xobeh
Okawaru
Qazlal
Ru
Sif Muna
Trog
Uskayaw
Vehumet
Wu Jian
Xom
Yredelemnul
Zin
The Shining One

Shops:
D:1 *   D:2 [[(   D:8 [   D:11 =   Orc:2 [?((

Portals:
Trove: D:14 (lose all piety)

Annotations:
D:3 1 runed translucent door, Crazy Yiuf
D:7 4 runed translucent doors
D:8 exclusions: oklob plant and oklob sapling
Orc:1 3 runed translucent doors, craigmon's ghost, journeyman MiFi


Innate Abilities, Weirdness & Mutations

You have sharp claws.
You have razor-sharp teeth.
You have supernaturally acute eyesight. (SInv)
You cover ground quickly. (Speed+)
Your thick and shaggy fur keeps you warm. (AC +3, rC+)
Your paws help you pounce on unaware monsters.
You are incapable of wielding weapons or throwing items.
You cannot wear armour.
You gain extra lives every three experience levels.


Message History

Casting: Iskenderun's Mystic Blast (dangerous; 8% risk of failure)
Confirm with . or Enter, or press ? or * to list all spells.
You erupt in a blast of force!
The mystic blast hits the tarantella.
The tarantella is severely wounded.
The tarantella is knocked back by the mystic blast.
The tarantella slams into the rock wall!
The tarantella is severely wounded.
The orb spider pulsates with a strange energy.
Casting: Iskenderun's Mystic Blast (dangerous; 8% risk of failure)
Confirm with . or Enter, or press ? or * to list all spells.
You erupt in a blast of force!
The mystic blast hits the tarantella!
The tarantella is almost dead.
The tarantella is knocked back by the mystic blast.
The tarantella slams into the rock wall!
Casting: Iskenderun's Mystic Blast (dangerous; 8% risk of failure)
Confirm with . or Enter, or press ? or * to list all spells.
You erupt in a blast of force!
The mystic blast hits the tarantella.
The tarantella is almost dead.
The tarantella is knocked back by the mystic blast.
The tarantella slams into the rock wall!
You kill the tarantella!
The Council accepts your kill.
Casting: Iskenderun's Mystic Blast (dangerous; 8% risk of failure)
Confirm with . or Enter, or press ? or * to list all spells.
You blink.
Aiming: Fastroot
Press: ? - help, Shift-Dir - straight line, f - orb spider
Aim: an orb spider (fully charged)
The roots erupt in riotous growth!
Roots grab the orb spider.
The now-empty wand crumbles to dust.
The grasping roots constrict the orb spider!
The orb spider weaves a glowing orb of energy.
An orb of destruction comes into view.
The grasping roots constrict the orb spider!
The roots release their grip on the orb spider.
You feel stable enough to blink again. The orb of destruction hits you!!!!
Ouch! That really hurt!
You die...

###..### ##
##...### #####^
###...####.....
#####
###......#####
#...##
##○○.######
#....# ###°s###
#....####.°°##
#...^.#...○.#
#.......@☼.##
##.....##...##
#......###...#
#......# #..^#
#......# #...#
##....## ##^.#
###### #..##
##^.# ##.##


You could see an orb spider.

Vanquished Creatures
  An emperor scorpion (Spider:1)
  A dire elephant (Lair:5)
  An entropy weaver (Spider:1)
  Snorg (D:11)
  A fire dragon (D:12)
  2 vault guards (D:13)
  Fannar (D:10)
  10 hydras
  A catoblepas (Lair:5)
  8 boulder beetles
  4 two-headed ogres
  An alligator (Lair:5)
  6 centaur warriors
  A deep troll shaman (Lair:5)
  3 death yaks (Lair:5)
  4 orc high priests (Orc:2)
  Urug (D:13)
  A pharaoh ant (Lair:2)
  A sun moth (Spider:1)
  An orb spider (Spider:1)
  3 wizards
  Pikel (D:5)
  A necromancer (D:13)
  3 deep elf pyromancers
  8 ugly things
  A manticore (D:15)
  3 orc sorcerers
  5 wolf spiders
  2 oklob plants (Lair:5)
  5 cyclopes
  16 elephants
  13 black mambas
  Joseph (D:10)
  A torpor snail (Lair:3)
  A gargoyle (D:11)
  Maggie (D:7)
  2 unseen horrors
  8 cane toads
  A kobold demonologist (D:11)
  3 demonic crawlers (Spider:1)
  9 rime drakes
  7 komodo dragons
  A polar bear (Lair:5)
  6 trolls
  11 slime creatures
  6 tarantellas
  2 hornets
  Prince Ribbit (D:7)
  9 blink frogs
  7 dream sheep (Lair:5)
  12 jumping spiders
  5 culicivoras
  A vampire (D:13)
  8 wyverns
  A shadow (D:12)
  19 humans (D:13)
  57 yaks
  10 basilisks
  3 wraiths
  A steam dragon (D:7)
  5 vampire mosquitoes
  15 redbacks
  A glowing shapeshifter zombie (D:15)
  4 acid dragons
  10 water moccasins
  13 orc warriors
  A sky beast (D:8)
  6 black bears
  An ice beast (D:7)
  4 ogres
  11 wolves
  4 phantoms
  9 centaurs
  2 lemures
  4 kobold brigands
  A gnoll sergeant (D:11)
  6 scorpions
  12 bullfrogs
  12 killer bees (D:9)
  A howler monkey (D:6)
  19 orc priests
  2 hounds
  A jelly (D:7)
  2 iguanas
  24 orc wizards
  6 hell rats (Lair:3)
  13 adders
  4 gnolls (D:11)
  3 shadow imps
  A white imp (D:8)
  3 dart slugs
  3 worms
  52 orcs
  14 ball pythons
  5 bats
  6 endoplasms
  3 giant cockroaches
  7 goblins
  4 hobgoblins
  5 jackals
  26 kobolds
  A quokka (D:3)
  4 frilled lizards
  12 rats
647 creatures vanquished.

Vanquished Creatures (collateral kills)
  A catoblepas (Lair:2)
1 creature vanquished.

Vanquished Creatures (others)
  A human (D:13)
  A wolf (Lair:2)
  A centaur (D:14)
  A bush (Lair:3)
  22 fungi
  37 plants
  9 withered plants (D:15)
72 creatures vanquished.

Grand Total: 720 creatures vanquished

Notes
Turn   | Place    | Note
-------+----------+-------------------------------------------
     0 | D:1      | croobank the Felid Fighter began the quest for the Orb.
     0 | D:1      | Reached XP level 1. HP: 10/10 MP: 2/2
    43 | D:1      | Found a faded altar of an unknown god.
   237 | D:1      | Reached XP level 2. HP: 14/14 MP: 3/3
   314 | D:1      | You fall into a shaft and drop 1 floor!
   314 | D:2      | Found Liobusoa's Weapon Emporium.
   749 | D:1      | Reached XP level 3. HP: 17/17 MP: 4/4
   753 | D:1      | Found Benie's Assorted Antiques.
   770 | D:1      | Bought a scroll labelled KESOATUGGY for 26 gold pieces
   770 | D:1      | Bought an inky potion for 23 gold pieces
   770 | D:1      | Bought a scroll labelled QED NUSEUW for 26 gold pieces
  1071 | D:2      | Found Zagim's Armour Shop.
  1339 | D:2      | Found Cohiujon's Armour Boutique.
  1346 | D:2      | Found a shadowy altar of Dithmenos.
  1474 | D:2      | Reached XP level 4. HP: 22/22 MP: 5/5
  1568 | D:3      | Reached skill level 5 in Dodging
  1748 | D:3      | Found a shimmering blue altar of Sif Muna.
  1979 | D:3      | Found a runed translucent door.
  1980 | D:3      | Noticed Crazy Yiuf
  2853 | D:4      | Reached XP level 5. HP: 11/22 MP: 6/6
  2866 | D:4      | Reached skill level 5 in Unarmed Combat
  2974 | D:4      | Found a glowing silver altar of Zin.
  3061 | D:4      | Reached skill level 6 in Dodging
  3126 | D:4      | Noticed a phantom
  3142 | D:4      | Killed a phantom
  3143 | D:4      | Gained mutation: You are covered in thick fur. (AC +2)
                  | [Felid growth]
  3143 | D:4      | Reached XP level 6. HP: 29/29 MP: 7/7
  3442 | D:5      | Entered Level 5 of the Dungeon
  3512 | D:5      | Found a burning altar of Makhleb.
  3564 | D:5      | Reached skill level 5 in Fighting
  3605 | D:5      | Noticed Pikel
  3652 | D:5      | Found a staircase to the Ecumenical Temple.
  3659 | Temple   | Entered the Ecumenical Temple
  3852 | Temple   | Became a worshipper of the Wu Jian Council
  3927 | D:5      | Killed Pikel
  3928 | D:5      | Reached skill level 8 in Dodging
  3928 | D:5      | Reached XP level 7. HP: 21/34 MP: 8/8
  3966 | D:5      | Found a white marble altar of Elyvilon.
  4190 | D:5      | Reached XP level 8. HP: 38/38 MP: 9/9
  4834 | D:6      | Found a shimmering altar of Xom.
  5048 | D:7      | Reached skill level 9 in Dodging
  5155 | D:7      | Found a large runed translucent door.
  5155 | D:7      | Found a large runed translucent door.
  5199 | D:7      | Noticed a two-headed ogre
  5299 | D:7      | HP: 1/40 [acid dragon/splash of acid (20)]
  5308 | D:7      | Reached XP level 9. HP: 18/43 MP: 10/10
  5380 | D:7      | Noticed Prince Ribbit
  5385 | D:7      | Killed Prince Ribbit
  5386 | D:7      | Reached skill level 10 in Dodging
  5417 | D:7      | Found a large runed translucent door.
  5417 | D:7      | Found a large runed translucent door.
  5425 | D:7      | Noticed a two-headed ogre
  5452 | D:7      | Noticed Maggie
  5455 | D:7      | Noticed an unseen horror
  5457 | D:7      | HP: 2/44 [Maggie/+4 long sword of pain (5)]
  5466 | D:7      | Killed Maggie
  5466 | D:7      | Reached * piety under Wu Jian
  5481 | D:7      | Killed an unseen horror
  5482 | D:7      | Reached skill level 11 in Dodging
  5677 | D:1      | Bought a brass wand for 104 gold pieces
  5677 | D:1      | Bought a potion of might for 104 gold pieces
  5991 | D:7      | Killed a two-headed ogre
  5992 | D:7      | Reached XP level 10. HP: 49/49 MP: 11/11
  6213 | D:8      | Noticed an oklob plant
  6313 | D:8      | Found Ruexkora's Armour Shoppe.
  6487 | D:8      | Reached skill level 12 in Dodging
  6741 | D:8      | Reached ** piety under Wu Jian
  6768 | D:8      | Reached skill level 10 in Unarmed Combat
  7569 | D:9      | Found an iron altar of Okawaru.
  7596 | D:9      | Noticed a two-headed ogre
  7606 | D:9      | Killed a two-headed ogre
  7611 | D:9      | Found a staircase to the Lair.
  7653 | D:9      | Reached skill level 10 in Fighting
  7667 | D:9      | Noticed a two-headed ogre
  7674 | D:9      | Killed a two-headed ogre
  7675 | D:9      | Reached skill level 13 in Dodging
  7753 | D:9      | Identified the +6 long sword of Malaise {antimagic, Will+
                  | Stlth+}
  7797 | D:9      | Reached XP level 11. HP: 39/55 MP: 12/12
  8379 | D:10     | Entered Level 10 of the Dungeon
  8552 | D:10     | Noticed a boulder beetle
  8560 | D:10     | Killed a boulder beetle
  8600 | D:10     | Found a hide-covered altar of Uskayaw.
  8609 | D:10     | Reached skill level 14 in Dodging
  8618 | D:10     | Reached *** piety under Wu Jian
  8631 | D:10     | Noticed Fannar
  8653 | D:10     | Killed Fannar
  8706 | D:10     | Found a shadowy altar of Dithmenos.
  8849 | D:10     | Noticed Joseph
  8857 | D:10     | Killed Joseph
  9184 | D:11     | Noticed a boulder beetle
  9299 | D:10     | Killed a boulder beetle
  9389 | D:11     | Found Ravoxzo's Jewellery Boutique.
  9405 | D:11     | Learned a level 2 spell: Blink
  9418 | D:11     | Noticed a sun demon
  9753 | D:11     | Noticed Snorg
  9762 | D:11     | Killed Snorg
  9836 | D:11     | Reached skill level 15 in Dodging
  9887 | D:12     | Noticed a boulder beetle
  9891 | D:12     | Killed a boulder beetle
  9892 | D:12     | Gained mutation: Your thick and shaggy fur keeps you warm.
                  | (AC +3, rC+) [Felid growth]
  9892 | D:12     | Reached XP level 12. HP: 61/61 MP: 13/13
 10070 | D:12     | Noticed a two-headed ogre
 10084 | D:12     | Killed a two-headed ogre
 10123 | D:12     | Found a staircase to the Orcish Mines.
 10260 | D:12     | Noticed a centaur warrior
 10378 | D:11     | HP: 3/61 [slime creature (15)]
 10970 | D:11     | Bought a ring of poison resistance for 300 gold pieces
 11146 | D:12     | Killed a centaur warrior
 11373 | D:12     | Noticed a fire dragon
 11384 | D:12     | Killed a fire dragon
 11385 | D:12     | Reached skill level 16 in Dodging
 11684 | Lair:1   | Entered Level 1 of the Lair of Beasts
 11807 | Lair:1   | You fall into a shaft and drop 1 floor!
 11843 | Lair:1   | Noticed a seven-headed hydra
 11865 | Lair:1   | Killed a seven-headed hydra
 11866 | Lair:1   | Reached skill level 1 in Translocations
 11912 | Lair:1   | Reached skill level 1 in Spellcasting
 13291 | Lair:2   | Noticed a catoblepas
 13292 | Lair:2   | Reached XP level 13. HP: 66/66 MP: 17/17
 13628 | Lair:2   | Found a staircase to the Swamp.
 13824 | Lair:2   | Reached skill level 5 in Translocations
 13987 | Lair:2   | Found a hole to the Spider Nest.
 14423 | Lair:3   | Reached skill level 17 in Dodging
 15260 | Lair:3   | Learned a level 4 spell: Passage of Golubria
 16499 | Lair:4   | Reached skill level 5 in Spellcasting
 17001 | Lair:5   | Entered Level 5 of the Lair of Beasts
 17044 | Lair:4   | Reached XP level 14. HP: 65/71 MP: 22/22
 17343 | Lair:5   | Reached **** piety under Wu Jian
 17427 | Lair:5   | Learned a level 5 spell: Manifold Assault
 17901 | Lair:5   | Reached skill level 18 in Dodging
 18081 | Lair:5   | Found a staircase to the Slime Pits.
 18536 | Lair:5   | Reached skill level 10 in Translocations
 18647 | Lair:5   | Found the ring of the Hare {EV+8}
 19300 | D:13     | Noticed Urug
 19405 | Orc:1    | Entered Level 1 of the Orcish Mines
 19410 | Orc:1    | Found a runed translucent gate.
 19410 | Orc:1    | Found a runed translucent gate.
 19410 | Orc:1    | Found a runed translucent gate.
 19412 | Orc:1    | Noticed craigmon's ghost (journeyman MiFi)
 19722 | Orc:2    | Entered Level 2 of the Orcish Mines
 19753 | Orc:1    | Reached ***** piety under Wu Jian
 19842 | Orc:2    | Found a staircase to the Elven Halls.
 20693 | Orc:2    | Found Otileucy's Armour Boutique.
 20693 | Orc:2    | Found Fuasoc's Antique Weapon Shop.
 20693 | Orc:2    | Found Butiangu's Magic Scroll Boutique.
 20696 | Orc:2    | Found Soutwedwi's Weapon Shop.
 20702 | Orc:2    | Bought 2 scrolls of identify for 48 gold pieces
 20702 | Orc:2    | Bought a scroll of fear for 48 gold pieces
 20702 | Orc:2    | Bought a scroll of teleportation for 36 gold pieces
 20702 | Orc:2    | Bought a scroll of identify for 24 gold pieces
 20702 | Orc:2    | Bought a scroll of teleportation for 36 gold pieces
 20702 | Orc:2    | Bought a scroll of teleportation for 36 gold pieces
 21047 | D:13     | Killed Urug
 21055 | D:13     | Shot with an arrow by a centaur warrior
 21056 | D:13     | Reached XP level 13. HP: -2/68 MP: 24/24
 21089 | D:13     | Learned a level 4 spell: Iskenderun's Mystic Blast
 21157 | D:13     | Reached XP level 14. HP: 72/72 MP: 25/25
 21198 | D:13     | Reached skill level 1 in Conjurations
 21235 | D:13     | Found a gate to the Vaults.
 21249 | D:13     | Reached skill level 15 in Unarmed Combat
 22001 | D:14     | Found a stormy altar of Qazlal.
 22107 | D:14     | Reached skill level 19 in Dodging
 22150 | D:14     | Reached skill level 15 in Fighting
 22252 | D:14     | Found a sacrificial altar of Ru.
 22592 | D:14     | Found a portal to a secret trove of treasure.
 22698 | D:15     | Entered Level 15 of the Dungeon
 22725 | D:15     | Found an iron altar of Okawaru.
 23085 | D:15     | Found a staircase to the Depths.
 23283 | Spider:1 | Entered Level 1 of the Spider Nest
 23469 | Lair:2   | HP: 1/73 [jumping spider (13)]
 23469 | Lair:2   | Slain by a jumping spider
 23470 | Lair:2   | Reached XP level 13. HP: -4/69 MP: 16/24
 24032 | Spider:1 | Noticed an entropy weaver
 24043 | Spider:1 | Killed an entropy weaver
 24399 | Spider:1 | Reached XP level 14. HP: 41/73 MP: 25/25
 24462 | Spider:1 | Noticed an emperor scorpion
 24483 | Spider:1 | Killed an emperor scorpion
 24923 | Spider:1 | Blown up by an orb spider

Illustrated notes

Levels and vault maps discovered:
D:1:      dpeg_arrival_simpleton_b, layout_rooms,
          hellmonk_ecumenical_altar_blasted, serial_shops, shop_fountains
D:2:      layout_basic, basic_altar, serial_shops, shop, shop,
          nicolae_shop_trees
D:3:      layout_basic, mainiacjoe_overflow_concentric_impassable,
          uniq_crazy_yiuf_cottage
D:4:      layout_basic, zin_treasury
D:5:      layout_basic, lemuel_doored_altar, makhleb_heckhound_becter,
          minmay_temple_entry_statues, serial_bayou_pond_d, uniq_pikel
D:6:      layout_rooms, mainiacjoe_overflow_paths
D:7:      layout_basic, minmay_hollow_rounded_squares, uniq_maggie,
          uniq_prince_ribbit1
D:8:      layout_layer_cave, serial_shops, shop, introduction_to_nature_1
D:9:      layout_rooms, overflow_temple_1_default, lair_entry_dummy
D:10:     layout_long_grid, grunt_dithmenos_smoke_and_mirrors,
          nicolae_uskayaw_dance_studio, uniq_fannar, uniq_joseph
D:11:     layout_rooms, serial_shops, shop, uniq_snorg
D:12:     layout_irregular_city, david_orc_2
D:13:     layout_loops_corners, grunt_vaults_entry_tiered, minivault_11,
          uniq_urug
D:14:     layout_long_grid, nicolae_ru_awakened_eye, enter_trove_3,
          nicolae_qazlal_general_emergency
D:15:     gammafunk_depths_entry_grave, layout_stronghold, okawaru_trees_1
Temple:   nicolae_temple_bog_church
Lair:1:   layout_chaotic_city, grunt_megastairs_2
Lair:2:   layout_long_grid, swamp_mist, spider_nest_entry_funnel_web
Lair:3:   layout_roguey [special_room_mythical_zoo], nzn_random_ring
Lair:4:   layout_regular_city, enter_volcano_2, serial_bayou_pond_d,
          nicolae_quartered_pool_medium
Lair:5:   grunt_lair_end_beastmaster, layout_long_grid,
          minmay_slime_entry_oklob_enclosed, hangedman_lair_generics_rect
Spider:1: layout_cave_pods
Orc:1:    layout_caves, gammafunk_ghost_split, basic_altar
Orc:2:    st_orc_mages, layout_caves, nicolae_orc_lava_room

Skill      XL: |  1  2  3  4  5  6  7  8  9 10 11 12 13 14 |
---------------+-------------------------------------------+-----
Dodging        | 5 6 8 9 11 13 15 16 17 19 | 19.6
Fighting       | 4 6 7 8 10 11 13 15 | 15.4
Unarmed Combat | 5 6 7 9 10 12 13 14 15 | 15.6
Translocations | 4 11 10 | 11.0
Spellcasting   | 2 5 7 |  7.3
Conjurations   | 4 3 |  4.5

Action                   |  1- 3 |  4- 6 |  7- 9 | 10-12 | 13-15 || total
-------------------------+-------+-------+-------+-------+-------++-------
Melee: Unarmed           |   111 |   192 |   200 |   746 |  1304 ||  2553
       Punch             |     5 |     6 |     6 |    61 |   143 ||   221
       Bite              |     4 |    20 |    28 |   106 |   186 ||   344
 Cast: Iskenderun's Myst |       |       |       |       |    46 ||    46
       Blink             |       |       |       |       |     6 ||     6
Invok: Lunge             |       |       |     9 |    53 |    65 ||   127
       Whirlwind         |       |       |       |    14 |    90 ||   104
       Serpent's Lash    |       |       |       |    18 |    26 ||    44
       Heavenly Storm    |       |       |       |       |     1 ||     1
 Abil: Wall Jump         |       |       |       |    10 |    96 ||   106
Evoke: Wand              |       |       |     3 |    38 |    53 ||    94
       Box of beasts     |       |       |       |     1 |     1 ||     2
       Tin of tremorston |       |       |       |       |     2 ||     2
  Use: Scroll            |     7 |     2 |     2 |     9 |    20 ||    40
       Potion            |       |       |     6 |     1 |    16 ||    23
 Stab: Sleeping          |     5 |     1 |       |     2 |     2 ||    10
       Paralysed         |       |       |     3 |    15 |     4 ||    22
       Distracted        |       |       |       |     1 |     2 ||     3
       Invisible         |       |       |       |       |    16 ||    16
Armor: Skin              |     4 |     5 |     7 |    26 |    41 ||    83
Dodge: Dodged            |    83 |   125 |   148 |   561 |  1228 ||  2145
